[Event "Commonwealth CC-Open 2024"]
[Site "Malacca"]
[Date "2024.02.23"]
[Round "6.19"]
[White "Chong, Hao Ern"]
[Black "Anderson, Gavin"]
[Result "0-1"]
[ECO "B13"]
[WhiteElo "1691"]
[BlackElo "2159"]
[Annotator "RC"]
[PlyCount "70"]
[EventDate "2024.02.21"]
[EventCountry "MAS"]
[SourceTitle "playchess.com"]
[Source "ChessBase"]
[SourceQuality "1"]
[TimeControl "5400+30"]

1. e4 c6 2. d4 d5 3. exd5 cxd5 4. Bd3 Nc6 5. c3 Qc7 6. Ne2 Bg4 7. O-O e6 8. Qe1 Nf6 9. f3 Bh5 10. Qh4 Rg8 11. Bg5 Bg6 12. Bxg6 hxg6 13. Bxf6 gxf6 14. Qxf6 Be7 15. Qf4 Bd6 16. Qh4 g5 17. Qh7 O-O-O 18. h3 Rh8 19. Qd3 f5 20. Nd2 Rdg8 21. Kf2 g4 22. hxg4 fxg4 23. fxg4 Rxg4 24. Rh1 Bg3+ 25. Qxg3 Rf8+ 26. Qf3 Rxf3+ 27. Nxf3 Qg7 28. Rh2 Kc7 29. Rah1 Kb6 30. g3 Qg6 31. Rh6 Qc2 32. Rxe6 Re4 33. Rxe4 dxe4 34. Ne5 Nxe5 35. dxe5 Qxb2 0-1

[Event "Commonwealth CC-Open 2024"]
[Site "Malacca"]
[Date "2024.02.23"]
[Round "6.20"]
[White "Lim, Xiao Xian Tobias"]
[Black "Smith, Robert W"]
[Result "1/2-1/2"]
[ECO "B13"]
[WhiteElo "1584"]
[BlackElo "2152"]
[Annotator "RC"]
[PlyCount "190"]
[EventDate "2024.02.21"]
[EventCountry "MAS"]
[SourceTitle "playchess.com"]
[Source "ChessBase"]
[SourceQuality "1"]
[TimeControl "5400+30"]

1. e4 c6 2. d4 d5 3. exd5 cxd5 4. Nf3 Nf6 5. Ne5 g6 6. Bb5+ Nbd7 7. O-O Bg7 8. Re1 O-O 9. Nf3 Nb6 10. Bd3 Qd6 11. Bg5 Re8 12. Nbd2 Nh5 13. c3 Nf4 14. Bc2 Bg4 15. h3 Bxf3 16. Qxf3 Ne6 17. Be3 Nd7 18. a4 Rac8 19. Bb3 Nf6 20. a5 a6 21. Ra4 Qd8 22. Rea1 Nc7 23. Bc2 Nb5 24. Nb3 Qd7 25. Nc5 Qc6 26. Nd3 Red8 27. Ne5 Qe8 28. Rb4 Nd7 29. Nxd7 Qxd7 30. Ba4 Rc4 31. Bxb5 axb5 32. Rb3 Ra8 33. Qd1 e6 34. Rba3 b4 35. Rb3 Qb5 36. cxb4 Rxb4 37. Rxb4 Qxb4 38. Qa4 Qxb2 39. Rc1 b5 40. Qc2 Qxc2 41. Rxc2 h5 42. Bd2 Bxd4 43. Bb4 Bg7 44. Rc7 Be5 45. Rb7 Rc8 46. g3 Rb8 47. Rxb8+ Bxb8 48. Bc5 b4 49. Bxb4 Ba7 50. Bd6 d4 51. Kf1 d3 52. f3 f6 53. Bc7 e5 54. Bb6 Bb8 55. g4 hxg4 56. hxg4 Kf7 57. a6 Ke6 58. a7 Bxa7 59. Bxa7 f5 60. g5 f4 61. Bb6 Kf5 62. Bd8 e4 63. fxe4+ Kxe4 64. Kf2 Kf5 65. Kf3 d2 66. Ke2 Kg4 67. Kxd2 Kg3 68. Bc7 Kg4 69. Bd8 Kg3 70. Ke1 Kg2 71. Bb6 f3 72. Bf2 Kh3 73. Kf1 Kg4 74. Be3 Kg3 75. Kg1 f2+ 76. Kf1 Kf3 77. Bb6 Kf4 78. Bd8 Kf3 79. Bf6 Kg3 80. Be7 Kf3 81. Bc5 Kf4 82. Be7 Kf3 83. Bd8 Kg3 84. Ba5 Kf4 85. Bd2+ Kf3 86. Bc1 Kg3 87. Bb2 Kf4 88. Bf6 Kf3 89. Bc3 Kf4 90. Bd2+ Kf3 91. Bc1 Kg3 92. Be3 Kf3 93. Bxf2 Kf4 94. Bh4 Kg4 95. Be1 Kxg5 1/2-1/2

[Event "Commonwealth CC-Open 2024"]
[Site "Malacca"]
[Date "2024.02.23"]
[Round "6.21"]
[White "Muhammed, Shuaau"]
[Black "Abdul Hamid, Ahmad Abid"]
[Result "1-0"]
[ECO "B40"]
[WhiteElo "2093"]
[BlackElo "1653"]
[Annotator "RC"]
[PlyCount "105"]
[EventDate "2024.02.21"]
[EventCountry "MAS"]
[SourceTitle "playchess.com"]
[Source "ChessBase"]
[SourceQuality "1"]
[TimeControl "5400+30"]

1. e4 c5 2. Nf3 e6 3. Nc3 a6 4. a4 b6 5. d4 Bb7 6. d5 Qc7 7. Bc4 e5 8. O-O d6 9. Nh4 Nd7 10. f4 Be7 11. Nf3 Bf6 12. Qe2 Ne7 13. f5 h6 14. g4 Ng8 15. h4 Be7 16. g5 Qd8 17. Bd2 Nf8 18. Kg2 Nh7 19. Rh1 Kd7 20. Rag1 Kc7 21. Kf1 Nf8 22. Rh2 Nd7 23. Rhg2 Bf8 24. Ke1 Kb8 25. Nh2 hxg5 26. hxg5 Ne7 27. Ng4 Nc8 28. Rh2 Be7 29. Rxh8 Qxh8 30. Qf3 b5 31. axb5 Ncb6 32. Be2 axb5 33. Bxb5 Ra1+ 34. Nd1 Kc7 35. Rh1 Qd8 36. Rh5 g6 37. fxg6 fxg6 38. Rh6 Bxg5 39. Rxg6 Bh4+ 40. Ke2 Ba6 41. Bxa6 Rxa6 42. Nc3 Ra5 43. b3 Qa8 44. Qd3 c4 45. bxc4 Nc5 46. Qh3 Nxc4 47. Rg7+ Nd7 48. Qxh4 Qa6 49. Nf6 Ncb6+ 50. Kf2 Ra1 51. Qh3 Qc4 52. Nxd7 Qd4+ 53. Be3 1-0

[Event "Commonwealth CC-Open 2024"]
[Site "Malacca"]
[Date "2024.02.23"]
[Round "6.22"]
[White "Mahmood Shah, Mukhriez Shah"]
[Black "Wijesuriya, G P Y"]
[Result "1-0"]
[ECO "C45"]
[WhiteElo "2007"]
[BlackElo "1616"]
[Annotator "RC"]
[PlyCount "87"]
[EventDate "2024.02.21"]
[EventCountry "MAS"]
[SourceTitle "playchess.com"]
[Source "ChessBase"]
[SourceQuality "1"]
[TimeControl "5400+30"]

1. e4 e5 2. Nf3 Nc6 3. d4 exd4 4. Nxd4 Nf6 5. Nxc6 bxc6 6. e5 Nd5 7. c4 Ne7 8. Bd3 Ng6 9. O-O Bc5 10. Qh5 Qh4 11. Qxh4 Nxh4 12. Nc3 Ng6 13. Re1 O-O 14. Kf1 Re8 15. f4 Ba6 16. Ne4 Bd4 17. Rb1 Rad8 18. Rd1 d6 19. exd6 cxd6 20. Ng5 Be3 21. Bxe3 Rxe3 22. Kf2 Rde8 23. g3 d5 24. b3 f6 25. Nf3 Kf7 26. Bxg6+ hxg6 27. Ne5+ fxe5 28. Kxe3 dxc4 29. Rd7+ Kf6 30. Rxa7 Bc8 31. bxc4 exf4+ 32. Kxf4 Bf5 33. Rc1 Re2 34. h4 Rf2+ 35. Ke3 Rg2 36. Kf3 Rd2 37. g4 Rd3+ 38. Ke2 Be4 39. Rf1+ Ke6 40. Rf4 Ke5 41. Rxe4+ Kxe4 42. Re7+ Kd4 43. Rd7+ Kxc4 44. Rxd3 1-0

[Event "Commonwealth CC-Open 2024"]
[Site "Malacca"]
[Date "2024.02.23"]
[Round "6.23"]
[White "Ismadi, Muhd Eilfie"]
[Black "Rindhiya V"]
[Result "0-1"]
[ECO "C96"]
[WhiteElo "1500"]
[BlackElo "1879"]
[Annotator "NA RC"]
[PlyCount "103"]
[EventDate "2024.02.21"]
[EventCountry "MAS"]
[SourceTitle "playchess.com"]
[Source "ChessBase"]
[SourceQuality "1"]
[TimeControl "5400+30"]

1. e4 e5 2. Nf3 Nc6 3. Bb5 a6 4. Ba4 Nf6 5. O-O Be7 6. Re1 b5 7. Bb3 d6 8. c3 O-O 9. h3 Na5 10. Bc2 c5 11. d4 cxd4 12. cxd4 Qc7 13. a3 {[%emt 0:13:19] C96: Closed Ruy Lopez: Chigorin Defence: 11 d4, replies other than 11...Qc7.} Bd7 14. Nc3 Rac8 15. Bd3 Be6 16. d5 Bd7 17. Be3 Nc4 18. Bxc4 Qxc4 19. Nd2 Qc7 20. Rc1 a5 21. Ne2 Qb7 22. Qb3 Rb8 23. Qd3 b4 24. Nc4 Bb5 25. axb4 axb4 26. b3 Rfc8 27. f3 Nd7 28. Ra1 $17 (28. Ng3 $15) 28... Nc5 29. Qd1 Bxc4 30. bxc4 b3 31. Nc3 Qb4 32. Nb5 b2 33. Rb1 Rb7 34. Qe2 Na4 35. Na7 Rxc4 36. Nc6 Nc3 37. Nxb4 Nxe2+ 38. Rxe2 Rcxb4 39. Rc2 h6 40. Bd2 Rb3 41. Bc3 Rc7 42. Rbxb2 Rxb2 43. Rxb2 Rxc3 44. Rb8+ Kh7 45. Rb7 Bh4 46. Kh2 f5 47. exf5 Rc5 48. Rb4 Bf6 49. g4 Rxd5 50. Kg3 Rd1 51. f4 exf4+ 52. Kxf4 0-1

[Event "Commonwealth CC-Open 2024"]
[Site "Malacca"]
[Date "2024.02.23"]
[Round "6.24"]
[White "Srija, Seshadri"]
[Black "Marimuthu, Sherralhan"]
[Result "1-0"]
[ECO "B12"]
[WhiteElo "2291"]
[BlackElo "1292"]
[Annotator "RC"]
[PlyCount "75"]
[EventDate "2024.02.21"]
[EventCountry "MAS"]
[SourceTitle "playchess.com"]
[Source "ChessBase"]
[SourceQuality "1"]
[TimeControl "5400+30"]

1. e4 c6 2. d4 d5 3. f3 dxe4 4. fxe4 e5 5. Nf3 Bg4 6. Bc4 Nd7 7. O-O Ngf6 8. c3 Bd6 9. Be3 O-O 10. Nbd2 Qc7 11. h3 Bh5 12. Qc2 c5 13. d5 Nb6 14. Nh4 Nxc4 15. Nxc4 Bg6 16. Nf5 Bxf5 17. Rxf5 b5 18. Na3 a6 19. Rxf6 gxf6 20. Qf2 Rfd8 21. Rf1 Qe7 22. c4 b4 23. Nc2 Kf8 24. Bh6+ Ke8 25. Ne3 Kd7 26. Nf5 Qe8 27. Nxd6 Kxd6 28. Qxf6+ Kc7 29. Be3 Rd6 30. Qf2 Rg6 31. Bxc5 f6 32. Bxb4 Qd7 33. Ba5+ Kb7 34. Qb6+ Kc8 35. Kh2 Qg7 36. g4 h5 37. Qc6+ Kb8 38. Rf3 1-0

[Event "Commonwealth CC-Open 2024"]
[Site "Malacca"]
[Date "2024.02.23"]
[Round "6.25"]
[White "Chan, Peng Kong"]
[Black "Aminuddin, Muhd Faqih"]
[Result "1-0"]
[ECO "A39"]
[WhiteElo "2125"]
[BlackElo "1753"]
[Annotator "RC"]
[PlyCount "61"]
[EventDate "2024.02.21"]
[EventCountry "MAS"]
[SourceTitle "playchess.com"]
[Source "ChessBase"]
[SourceQuality "1"]
[TimeControl "5400+30"]

1. c4 Nf6 2. Nc3 c5 3. g3 Nc6 4. Bg2 g6 5. Nf3 Bg7 6. d4 cxd4 7. Nxd4 Nxd4 8. Qxd4 O-O 9. O-O d6 10. Qd3 Be6 11. Bd2 Qc8 12. b3 Bf5 13. e4 Bh3 14. Rac1 Bxg2 15. Kxg2 Nd7 16. Nd5 Qd8 17. Bg5 Nc5 18. Qe2 Re8 19. Rfd1 h6 20. Bf4 g5 21. Bd2 e6 22. Nc3 a6 23. Be3 Qe7 24. Bd4 Bxd4 25. Rxd4 e5 26. Rdd1 Rac8 27. Nd5 Qd8 28. Qf3 Kg7 29. Ne3 Re6 30. Nf5+ Kh7 31. b4 1-0

[Event "Commonwealth CC-Open 2024"]
[Site "Malacca"]
[Date "2024.02.23"]
[Round "6.26"]
[White "Muraley, Rittesh"]
[Black "Milligan, Helen"]
[Result "1/2-1/2"]
[ECO "E60"]
[WhiteElo "1663"]
[BlackElo "1941"]
[Annotator "RC"]
[PlyCount "66"]
[EventDate "2024.02.21"]
[EventCountry "MAS"]
[SourceTitle "playchess.com"]
[Source "ChessBase"]
[SourceQuality "1"]
[TimeControl "5400+30"]

1. d4 Nf6 2. Nf3 g6 3. b4 Bg7 4. c4 d6 5. e3 O-O 6. Be2 Nbd7 7. Bb2 Ne4 8. O-O c6 9. Nc3 Ndf6 10. Nxe4 Nxe4 11. Nd2 Nxd2 12. Qxd2 Qc7 13. d5 c5 14. Bxg7 Kxg7 15. e4 cxb4 16. Qxb4 b6 17. a4 a5 18. Qb2+ Kg8 19. f4 Bd7 20. h4 Qc5+ 21. Kh1 Rab8 22. Ra3 f6 23. Rg3 Bxa4 24. f5 Kf7 25. fxg6+ hxg6 26. h5 Rh8 27. Rxg6 Ke8 28. Rfxf6 Qb4 29. Qxb4 axb4 30. Rf1 b5 31. cxb5 Bxb5 32. Bxb5+ Rxb5 33. g4 b3 1/2-1/2

[Event "Commonwealth CC-Open 2024"]
[Site "Malacca"]
[Date "2024.02.25"]
[Round "7.1"]
[White "Lalit Babu M R"]
[Black "Das, Sayantan"]
[Result "1/2-1/2"]
[ECO "D35"]
[WhiteElo "2525"]
[BlackElo "2514"]
[Annotator "RC"]
[PlyCount "45"]
[EventDate "2024.02.21"]
[EventCountry "MAS"]
[SourceTitle "playchess.com"]
[Source "ChessBase"]
[SourceQuality "1"]
[TimeControl "5400+30"]

1. d4 d5 2. c4 e6 3. Nc3 Nf6 4. cxd5 exd5 5. Bg5 Nbd7 6. e3 c6 7. Bd3 Be7 8. Nf3 O-O 9. O-O Nh5 10. Bxe7 Qxe7 11. Qb1 g6 12. b4 Nhf6 13. a4 a5 14. bxa5 Rxa5 15. Nd2 b6 16. Nb3 Ra7 17. a5 b5 18. e4 b4 19. Na4 dxe4 20. Re1 Qd6 21. Bxe4 Nxe4 22. Qxe4 Nf6 23. Qf3 1/2-1/2

[Event "Commonwealth CC-Open 2024"]
[Site "Malacca"]
[Date "2024.02.25"]
[Round "7.2"]
[White "Sethuraman, S.P."]
[Black "Tin, Jingyao"]
[Result "0-1"]
[ECO "C78"]
[WhiteElo "2594"]
[BlackElo "2563"]
[Annotator "RC"]
[PlyCount "114"]
[EventDate "2024.02.21"]
[EventCountry "MAS"]
[SourceTitle "playchess.com"]
[Source "ChessBase"]
[SourceQuality "1"]
[TimeControl "5400+30"]

1. e4 e5 2. Nf3 Nc6 3. Bb5 a6 4. Ba4 Nf6 5. O-O b5 6. Bb3 Bc5 7. a4 Bb7 8. d3 O-O 9. Bg5 Be7 10. Nc3 b4 11. Ne2 Na5 12. Ba2 d5 13. exd5 Nxd5 14. Bd2 f6 15. Ng3 c5 16. c3 Kh8 17. Re1 Qd7 18. Bb1 g6 19. Bc2 Rae8 20. d4 exd4 21. cxd4 c4 22. Ne4 Qc7 23. b3 cxb3 24. Bxb3 Nxb3 25. Qxb3 Rc8 26. a5 Qc2 27. Rab1 Qxb3 28. Rxb3 Rc4 29. h4 Rfc8 30. h5 Kg8 31. Nc5 Bxc5 32. dxc5 Kf7 33. hxg6+ hxg6 34. Reb1 R8xc5 35. Bxb4 Rxb4 36. Rxb4 Nxb4 37. Rxb4 Bxf3 38. gxf3 Rxa5 39. Rb6 Kg7 40. f4 g5 41. f5 Ra3 42. Kg2 a5 43. Rb7+ Kf8 44. Ra7 a4 45. Kh2 Ra1 46. Kg2 a3 47. Kf3 a2 48. Ra8+ Ke7 49. Ra6 g4+ 50. Kg2 Kd7 51. Kh2 Kc7 52. Kg2 Kb7 53. Ra3 Kb6 54. Ra8 Kc5 55. Ra4 Kd5 56. Ra3 Ke5 57. Ra5+ Kf4 0-1

[Event "Commonwealth CC-Open 2024"]
[Site "Malacca"]
[Date "2024.02.25"]
[Round "7.3"]
[White "Swapnil, S. Dhopade"]
[Black "Rohith Krishna S"]
[Result "0-1"]
[ECO "D30"]
[WhiteElo "2454"]
[BlackElo "2410"]
[Annotator "RC"]
[PlyCount "72"]
[EventDate "2024.02.21"]
[EventCountry "MAS"]
[SourceTitle "playchess.com"]
[Source "ChessBase"]
[SourceQuality "1"]
[TimeControl "5400+30"]

1. d4 d5 2. c4 e6 3. Nf3 c6 4. Qc2 Nf6 5. Bg5 h6 6. Bh4 Qa5+ 7. Nfd2 g5 8. Bg3 Ne4 9. e3 Nd7 10. Nc3 Nxg3 11. hxg3 Nf6 12. O-O-O Bg7 13. Kb1 O-O 14. Be2 Rd8 15. f4 g4 16. Rh4 h5 17. Nb3 Qc7 18. e4 dxe4 19. Nxe4 Nxe4 20. Qxe4 f5 21. Qe3 Qf7 22. Rdh1 a5 23. a4 b5 24. cxb5 cxb5 25. Bxb5 Bb7 26. Rxh5 Bd5 27. Rg5 Qf6 28. Nc5 Rac8 29. Qe5 Qxg5 30. Nxe6 Bxe5 31. Nxg5 Bf6 32. Rh5 Kg7 33. Rh7+ Kg6 34. Ra7 Bxg5 35. fxg5 Bxg2 36. Rxa5 Ra8 0-1

[Event "Commonwealth CC-Open 2024"]
[Site "Malacca"]
[Date "2024.02.25"]
[Round "7.5"]
[White "Lim, Zhuo Ren"]
[Black "Mitrabha, Guha"]
[Result "0-1"]
[ECO "A16"]
[WhiteElo "2218"]
[BlackElo "2504"]
[Annotator "TA"]
[PlyCount "68"]
[EventDate "2024.02.21"]
[EventCountry "MAS"]
[SourceTitle "playchess.com"]
[Source "ChessBase"]
[SourceQuality "1"]
[TimeControl "5400+30"]

1. Nf3 Nf6 2. c4 g6 3. Nc3 Bg7 4. g3 O-O 5. Bg2 d5 6. cxd5 Nxd5 7. O-O Nb6 8. d3 Nc6 9. Be3 e5 10. Rc1 h6 11. Ne4 Nd4 12. Bd2 Re8 {[%emt 0:00:26] The position is equal.} 13. Nc5 c6 14. b4 Qe7 15. e3 Nxf3+ 16. Qxf3 Nd7 17. Nb3 Nf6 {[%emt 0:00:24] Threatens to win with ...Bg4.} 18. Qd1 e4 19. Bc3 Bf5 20. dxe4 Rad8 21. exf5 Rxd1 22. Rfxd1 g5 23. Nc5 b6 24. Nd3 Ne4 25. Bxg7 Kxg7 26. f3 $2 {[%emt 0:04:10] [#]} ({Much worse is} 26. Rxc6 Qd7 27. Rc4 (27. Bxe4 Rxe4 28. f6+ Kh7 $17) 27... Qxf5 $15) (26. g4 $11) 26... Nc3 $1 $19 27. Rxc3 Qxe3+ 28. Kh1 {[%emt 0:00:03][%cal Od1c1] [#]} Rd8 $1 {[%emt 0:00:11] ...Qe2 is the strong threat.} 29. f6+ (29. f4 {is a better defense.}) 29... Kxf6 30. Rb3 $2 (30. f4 {was called for.}) 30... Qe2 {[%emt 0:00:43][%csl LRa2,LRd1] Black is clearly winning.} 31. Re1 Qd2 32. Bf1 {[%emt 0:00:25] Strongly threatening Re2.} Rxd3 $1 {[%emt 0:00:09] Active counter play!} ({Worse is} 32... Qxa2 33. Reb1 $14) 33. Rxd3 (33. Rbb1 $142 Re3 (33... Rxf3 $2 34. Re2 $19) 34. Red1) 33... Qxe1 34. Kg1 Qxb4 {[%emt 0:00:04] Weighted Error Value: White=0.52/Black=0.04 (flawless) .  Loses game:     	White=1     	---        Mistake:       	White=3     	---        Inaccurate:     	White=3     	Black=1      OK:         	White=7     	Black=11     Best:        	White=2     	Black=3      Strong:       	---       	Black=2      Brilliant:      	---       	Black=1} 0-1

[Event "Commonwealth CC-Open 2024"]
[Site "Malacca"]
[Date "2024.02.25"]
[Round "7.6"]
[White "Vignesh N R"]
[Black "Pon, Matt"]
[Result "1-0"]
[ECO "C18"]
[WhiteElo "2517"]
[BlackElo "2202"]
[Annotator "RC"]
[PlyCount "89"]
[EventDate "2024.02.21"]
[EventCountry "MAS"]
[SourceTitle "playchess.com"]
[Source "ChessBase"]
[SourceQuality "1"]
[TimeControl "5400+30"]

1. e4 e6 2. d4 d5 3. Nc3 Bb4 4. e5 c5 5. a3 Bxc3+ 6. bxc3 Qc7 7. Nf3 b6 8. Bb5+ Bd7 9. a4 Bxb5 10. axb5 cxd4 11. cxd4 Qc4 12. Qd3 Qxd3 13. cxd3 Ne7 14. Ba3 Nc8 15. Ke2 h6 16. h4 Kd7 17. h5 a5 18. Rh4 Ra7 19. Rf4 Kd8 20. Rc1 Rb7 21. g4 Na7 22. Rb1 Nc8 23. g5 Ke8 24. Rg1 Na7 25. Rc1 Kd8 26. Rb1 Nc8 27. gxh6 gxh6 28. Rf6 Ke8 29. Bc1 Ne7 30. Rxh6 Rg8 31. Ba3 Nf5 32. Rf6 Nd7 33. Rxf5 exf5 34. Rc1 Kd8 35. h6 Nf8 36. Bxf8 Rxf8 37. Ng5 Rc7 38. Rh1 Rh8 39. h7 Ke7 40. Rh6 a4 41. Rf6 Rxh7 42. Nxh7 a3 43. Rh6 Rc1 44. Nf6 a2 45. Rh8 1-0

[Event "Commonwealth CC-Open 2024"]
[Site "Malacca"]
[Date "2024.02.25"]
[Round "7.8"]
[White "Gong, Qianyun"]
[Black "Novak, Attila Robert"]
[Result "1-0"]
[ECO "C00"]
[WhiteElo "2263"]
[BlackElo "2130"]
[Annotator "RC"]
[PlyCount "115"]
[EventDate "2024.02.21"]
[EventCountry "MAS"]
[SourceTitle "playchess.com"]
[Source "ChessBase"]
[SourceQuality "1"]
[TimeControl "5400+30"]

1. e4 e6 2. d3 d5 3. Nd2 Nf6 4. Ngf3 c5 5. g3 Be7 6. Bg2 Nc6 7. O-O O-O 8. Re1 b5 9. e5 Nd7 10. Nf1 a5 11. h4 Ba6 12. Bf4 a4 13. a3 Rc8 14. N1h2 Qc7 15. h5 Nd4 16. Nxd4 cxd4 17. Qg4 Kh8 18. Re2 Qb6 19. Nf3 b4 20. axb4 Qxb4 21. Bc1 Bc5 22. h6 g6 23. Ra2 Rc7 24. Bd2 Qb5 25. Bg5 Qb4 26. Qf4 Kg8 27. Re1 Bb7 28. Bh3 Bc6 29. Qh4 Re8 30. Bd2 Qb6 31. Qf4 Bb5 32. Rb1 Ra7 33. Raa1 Rea8 34. Nh2 Be7 35. Ng4 Rc8 36. Rc1 Rac7 37. c3 dxc3 38. bxc3 a3 39. d4 Bc4 40. Rcb1 Qa6 41. Ne3 Bd3 42. Re1 a2 43. Nxd5 exd5 44. e6 Nf6 45. exf7+ Kxf7 46. Be6+ Kf8 47. g4 Ra8 48. Qxc7 Qd6 49. Qxd6 Bxd6 50. g5 Ne8 51. Bxd5 Ra5 52. c4 Ra3 53. c5 Be7 54. Rxa2 Rxa2 55. Bxa2 Nc7 56. Bf4 Nb5 57. Be5 Bxg5 58. Bg7# 1-0

[Event "Commonwealth CC-Open 2024"]
[Site "Malacca"]
[Date "2024.02.25"]
[Round "7.9"]
[White "Anderson, Gavin"]
[Black "Visakh N R"]
[Result "0-1"]
[ECO "E46"]
[WhiteElo "2159"]
[BlackElo "2549"]
[Annotator "RC"]
[PlyCount "70"]
[EventDate "2024.02.21"]
[EventCountry "MAS"]
[SourceTitle "playchess.com"]
[Source "ChessBase"]
[SourceQuality "1"]
[TimeControl "5400+30"]

1. d4 Nf6 2. c4 e6 3. Nc3 Bb4 4. e3 O-O 5. Nge2 c6 6. a3 Ba5 7. b4 Bc7 8. Bb2 d5 9. Ng3 Qe7 10. Bd3 Rd8 11. O-O dxc4 12. Bxc4 e5 13. Qc2 Nbd7 14. f4 exf4 15. Nf5 Qf8 16. exf4 Nb6 17. Bb3 Nbd5 18. Rae1 Be6 19. Ng3 Nxc3 20. Bxe6 Ncd5 21. Bf5 Bxf4 22. Ne4 Nxe4 23. Bxe4 Qd6 24. Bxh7+ Kh8 25. Be4 Bxh2+ 26. Kh1 Qh6 27. Bc1 Bf4+ 28. Kg1 Ne3 29. Bxe3 Bxe3+ 30. Rxe3 Qxe3+ 31. Kh2 Rxd4 32. Bf3 Rad8 33. Rd1 Qf4+ 34. Kg1 Rxd1+ 35. Bxd1 Qd4+ 0-1

[Event "Commonwealth CC-Open 2024"]
[Site "Malacca"]
[Date "2024.02.25"]
[Round "7.10"]
[White "Iniyan, Pa"]
[Black "Muhammed, Shuaau"]
[Result "1-0"]
[ECO "D63"]
[WhiteElo "2515"]
[BlackElo "2093"]
[Annotator "RC"]
[PlyCount "97"]
[EventDate "2024.02.21"]
[EventCountry "MAS"]
[SourceTitle "playchess.com"]
[Source "ChessBase"]
[SourceQuality "1"]
[TimeControl "5400+30"]

1. d4 d5 2. c4 e6 3. Nc3 Nf6 4. Bg5 Be7 5. e3 Nbd7 6. Nf3 h6 7. Bh4 O-O 8. Rc1 c5 9. cxd5 Nxd5 10. Bxe7 Nxe7 11. Be2 Nc6 12. O-O cxd4 13. Nxd4 Nxd4 14. Qxd4 Nf6 15. Qb4 a5 16. Qb3 e5 17. Rfd1 Qe7 18. a3 Bd7 19. Bf3 Rab8 20. Qb6 a4 21. Be2 Bc6 22. Qb4 Qxb4 23. axb4 Rfd8 24. b5 Bd5 25. Nxa4 Bb3 26. Rxd8+ Rxd8 27. Nc5 Rd2 28. Bf3 Rxb2 29. Nd3 Rd2 30. Nxe5 Bd5 31. h3 Bxf3 32. Nxf3 Rb2 33. Nd4 Ne4 34. f3 Nd6 35. Rc5 Kf8 36. Kh2 g6 37. h4 Rb4 38. h5 gxh5 39. Rd5 Nc4 40. Nf5 f6 41. e4 Na3 42. Rd8+ Kf7 43. Rb8 Rb2 44. Rxb7+ Kg8 45. Rg7+ Kf8 46. Rh7 Rxb5 47. Rh8+ Kf7 48. Nd6+ Kg7 49. Nxb5 1-0

[Event "Commonwealth CC-Open 2024"]
[Site "Malacca"]
[Date "2024.02.25"]
[Round "7.11"]
[White "Nandhidhaa, P V"]
[Black "Mahmood Shah, Mukhriez Shah"]
[Result "1/2-1/2"]
[ECO "B36"]
[WhiteElo "2305"]
[BlackElo "2007"]
[Annotator "RC"]
[PlyCount "100"]
[EventDate "2024.02.21"]
[EventCountry "MAS"]
[SourceTitle "playchess.com"]
[Source "ChessBase"]
[SourceQuality "1"]
[TimeControl "5400+30"]

1. e4 c5 2. Nf3 Nc6 3. d4 cxd4 4. Nxd4 g6 5. c4 Nf6 6. Nc3 d6 7. Be2 Nxd4 8. Qxd4 Bg7 9. O-O O-O 10. Qd3 Bd7 11. Bd2 a5 12. b3 Bc6 13. Be3 Nd7 14. f3 Nc5 15. Qd2 f5 16. exf5 gxf5 17. Rad1 Qe8 18. Nd5 Qf7 19. Rfe1 Bxd5 20. Qxd5 Bc3 21. Qxf7+ Kxf7 22. Bd2 Bxd2 23. Rxd2 Rfd8 24. Bd1 Rab8 25. a3 e6 26. b4 axb4 27. axb4 Na6 28. Rde2 Nc7 29. g4 fxg4 30. fxg4 Rg8 31. Rf2+ Ke7 32. h4 Rbf8 33. g5 h6 34. Rxf8 Kxf8 35. Kg2 hxg5 36. h5 Ke7 37. Bf3 b5 38. cxb5 Nxb5 39. Bd5 Nd4 40. Re4 Rh8 41. Rxd4 exd5 42. Rxd5 Rxh5 43. Kg3 Ke6 44. Rb5 Rh4 45. Rxg5 Rxb4 46. Kf3 d5 47. Ke3 Kd6 48. Rg8 Rb3+ 49. Kd4 Rb4+ 50. Kd3 Rb3+ 1/2-1/2

[Event "Commonwealth CC-Open 2024"]
[Site "Malacca"]
[Date "2024.02.25"]
[Round "7.16"]
[White "Shen, Ree Herng"]
[Black "Srija, Seshadri"]
[Result "0-1"]
[ECO "C26"]
[WhiteElo "1820"]
[BlackElo "2291"]
[Annotator "RC"]
[PlyCount "84"]
[EventDate "2024.02.21"]
[EventCountry "MAS"]
[SourceTitle "playchess.com"]
[Source "ChessBase"]
[SourceQuality "1"]
[TimeControl "5400+30"]

1. e4 e5 2. Nf3 Nc6 3. Nc3 Nf6 4. g3 Bc5 5. Bg2 d6 6. d3 h6 7. Na4 Be6 8. Nxc5 dxc5 9. O-O Qd7 10. b3 O-O-O 11. Bb2 Qd6 12. Nd2 g5 13. Nc4 Bxc4 14. bxc4 h5 15. Qf3 Nd7 16. Qxf7 Rdf8 17. Qg7 Rfg8 18. Qf7 h4 19. Qf5 g4 20. f4 Qh6 21. fxe5 hxg3 22. hxg3 Rf8 23. e6 Qh2+ 24. Kf2 Rxf5+ 25. exf5 Rh3 26. exd7+ Kxd7 27. Rh1 Qxg3+ 28. Kf1 Qf4+ 29. Ke2 Qe3+ 30. Kd1 Rxh1+ 31. Bxh1 Nd4 32. Bxd4 Qxd4 33. Rc1 Qf2 34. Be4 g3 35. c3 g2 36. Bxg2 Qxg2 37. Rc2 Qf1+ 38. Kd2 Qxf5 39. Kc1 Qf1+ 40. Kd2 b6 41. Ke3 Qe1+ 42. Kf4 Qd1 0-1

[Event "Commonwealth CC-Open 2024"]
[Site "Malacca"]
[Date "2024.02.25"]
[Round "7.17"]
[White "Masli, Muhd Nur Daie"]
[Black "Chitlange Sakshi"]
[Result "0-1"]
[ECO "C11"]
[WhiteElo "1867"]
[BlackElo "2210"]
[Annotator "RC"]
[PlyCount "134"]
[EventDate "2024.02.21"]
[EventCountry "MAS"]
[SourceTitle "playchess.com"]
[Source "ChessBase"]
[SourceQuality "1"]
[TimeControl "5400+30"]

1. e4 e6 2. Nf3 d5 3. Nc3 Nf6 4. e5 Nfd7 5. d4 c5 6. dxc5 Bxc5 7. Bd3 Nc6 8. Bf4 Be7 9. h3 a6 10. O-O O-O 11. Re1 f6 12. exf6 Bxf6 13. Bg3 Nc5 14. Qd2 b5 15. a3 Ra7 16. Rab1 Raf7 17. b4 Nxd3 18. Qxd3 Qb6 19. a4 Bxc3 20. Qxc3 bxa4 21. Qc5 Qb5 22. c3 h6 23. Ra1 Bd7 24. Ra2 Rc8 25. Qe3 a5 26. bxa5 Nxa5 27. Ne5 Nc4 28. Nxc4 Qxc4 29. Ra3 Qb5 30. Be5 Qc5 31. Qxc5 Rxc5 32. h4 h5 33. Ra2 Kh7 34. Rb2 Rb5 35. Ra2 Rb3 36. Bd4 Rf8 37. Re5 g6 38. Re3 Rf4 39. g3 Rf7 40. Kg2 Kg8 41. Re5 Rf5 42. f3 Rxe5 43. Bxe5 Kf7 44. g4 Ke7 45. Kg3 Be8 46. Kf4 Rb1 47. gxh5 gxh5 48. Kg5 Rf1 49. Kf4 Rh1 50. Kg3 Rb1 51. Kf4 Kd8 52. Kg5 Rg1+ 53. Kf4 Rh1 54. Kg5 Rh3 55. Rf2 Ke7 56. Rf1 a3 57. Ra1 Rxf3 58. Bd4 Rg3+ 59. Kh6 Rg6+ 60. Kh7 Rg4 61. Rxa3 Rxh4 62. Kh6 Rh1 63. Kg5 Kd6 64. Ra6+ Bc6 65. Kf4 Rf1+ 66. Kg5 Rf5+ 67. Kh4 e5 0-1

[Event "Commonwealth CC-Open 2024"]
[Site "Malacca"]
[Date "2024.02.25"]
[Round "7.18"]
[White "Kapoor, Satvik"]
[Black "Chan, Peng Kong"]
[Result "1/2-1/2"]
[ECO "D34"]
[WhiteElo "1791"]
[BlackElo "2125"]
[Annotator "NA RC"]
[PlyCount "62"]
[EventDate "2024.02.21"]
[EventCountry "MAS"]
[SourceTitle "playchess.com"]
[Source "ChessBase"]
[SourceQuality "1"]
[TimeControl "5400+30"]

1. Nf3 Nf6 2. d4 e6 3. g3 d5 4. Bg2 c5 5. O-O Nc6 6. c4 Be7 7. cxd5 exd5 8. Nc3 O-O 9. dxc5 Bxc5 10. Bg5 Be7 11. Bxf6 Bxf6 12. Qxd5 Qxd5 13. Nxd5 Bxb2 14. Rab1 Ba3 15. Nd2 Bg4 16. Rxb7 Bxe2 17. Re1 Ba6 (17... Nd4 $11) 18. Rc7 (18. Rb3 $1 $14 Bd6 19. Rc3) 18... Rac8 $11 19. Re3 Bd6 20. Rxc8 Rxc8 21. Ne4 Bf8 22. Rc3 Nb4 23. Rxc8 Bxc8 24. Nec3 Be6 25. Kf1 Nxd5 26. Bxd5 Bxd5 27. Nxd5 Bc5 28. Ke2 f5 29. f3 Kf7 30. Kd3 Bg1 31. h3 Ke6 1/2-1/2